 Dungeon Crawl Stone Soup version 0.17.1-3-g152610e (webtiles) character file.

249 Glider the Digger (level 6, -2/32 HPs)
             Began as a Gargoyle Earth Elementalist on Feb 17, 2016.
             Killed from afar by Aritmacz's ghost (4 damage)
             ... with a magic dart
             ... on level 3 of the Dungeon on Feb 18, 2016.
             The game lasted 00:17:21 (3234 turns).

Glider the Digger (Gargoyle Earth Elementalist)     Turns: 3234, Time: 00:17:21

Health: -2/32      AC:  8    Str: 12    XL:     6   Next: 12%
Magic:  2/11       EV: 12    Int: 17    God:
Gold:   93         SH:  0    Dex: 10    Spells: 3 memorised, 6 levels left

rFire  . . .     SeeInvis .     l - +2 spear (flame)
rCold  + . .     Clarity  .     i - +2 robe {rC+}
rNeg   + . .     SustAt   .     (no shield)
rPois  ∞         Gourm    .     (no helmet)
rElec  +         Spirit   .     (no cloak)
rCorr  .         Warding  .     (no gloves)
rMut   .         Stasis   .     (no boots)
MR     .....                    (no amulet)
Stlth  ++........               (no ring)
                                (no ring)

@: not resistant to hostile enchantments, unstealthy
A: negative energy resistance 1, electricity resistance, unbreathing,
petrification resistance, rot immunity, AC +4
a: no special abilities


You were on level 3 of the Dungeon.
You were not hungry.

You visited 1 branch of the dungeon, and saw 3 of its levels.

You collected 93 gold pieces.

Inventory:

Hand Weapons
 l - a +2 spear of flaming (weapon)
Missiles
 b - 21 stones (quivered)
Armour
 i - a +2 robe of cold resistance (worn)
Jewellery
 j - an uncursed amulet of guardian spirit
Wands
 n - a wand of flame (17)
 q - a wand of enslavement (3)
Scrolls
 a - 3 scrolls of identify {unknown}
 f - a scroll of remove curse {unknown}
 g - a scroll of random uselessness {unknown}
Potions
 d - 2 potions of lignification {unknown}
 e - a potion of curing {unknown}
 m - 2 potions of poison {unknown}
 o - a potion of might {unknown}
 p - 2 potions of agility {unknown}
Books
 c - a book of Geomancy

   Spells                             Type                      Level
   a - Sandblast                      Earth                        1
   b - Stoneskin                      Transmutation/Earth          2
   c - Passwall                       Transmutation/Earth          3
   d - Stone Arrow                    Conjuration/Earth            3
   e - Petrify                        Transmutation/Earth          4
   f - Lee's Rapid Deconstruction     Earth                        5
Comestibles
 h - 2 meat rations
 k - 7 chunks of flesh
 r - a beef jerky


   Skills:
 - Level 1.5 Dodging
 - Level 2.1 Stealth
 * Level 3.6 Spellcasting
 * Level 3.8 Conjurations
 - Level 1.0 Transmutations
 - Level 5.0 Earth Magic


You had 6 spell levels left.
You knew the following spells:

 Your Spells              Type           Power        Failure   Level  Hunger
a - Sandblast             Erth           ###...       2%          1    None
b - Stoneskin             Trmt/Erth      ##......     10%         2    ##.....
c - Stone Arrow           Conj/Erth      ###...       10%         3    ###....


Dungeon Overview and Level Annotations

Branches:
Dungeon (3/15)

Altars:
Cheibriados
Gozag
Makhleb
Okawaru
Yredelemnul
The Shining One

Annotations:
D:3 Aritmacz's ghost, amateur DrCj


Innate Abilities, Weirdness & Mutations

You are resistant to torment.
Your stone body is resilient (AC +4).
You are immune to poison.
You resist negative energy.
You are resistant to electric shocks.
You can survive without breathing.
You are immune to petrification.
You are immune to rotting.


Message History

You barely miss Aritmacz's ghost.
Aritmacz's ghost is heavily damaged.
Aritmacz's ghost closely misses you.
You barely miss Aritmacz's ghost.
Aritmacz's ghost is heavily damaged.
Aritmacz's ghost completely misses you.
You hit Aritmacz's ghost but do no damage.
Aritmacz's ghost is heavily damaged.
Aritmacz's ghost gestures at you while chanting.
The magic dart hits you!
You completely miss Aritmacz's ghost.
Aritmacz's ghost is heavily damaged.
Aritmacz's ghost hits you.
* * * LOW HITPOINT WARNING * * *
x2 Aritmacz's ghost casts a spell at you.
The magic dart hits you!
* * * LOW HITPOINT WARNING * * *
Aritmacz's ghost casts a spell at you. The magic dart hits you!
You die...

#.#.#######..##.......# #
#.#.##.....)..........# #
#.#.##<###.####.......# #
#...##.# #....##.....## #
######.###.#..###.....# #
#.......#.........#######
#.######..###............
#.# #..# #.....#######
#.# ##@.###.....# #.#
#.........### #.#
#..W###.### #.# #.......#
#.# #.#.###.#
#.#####..#.##.#
#.......###...#
#######..#.##.#
#.#.###.####


You could see Aritmacz's ghost.

Vanquished Creatures
  An ogre (D:3)
  An orc priest (D:3)
  4 gnolls (D:2)
  An adder (D:2)
  3 oozes
  A worm (D:3)
  3 giant geckos
  5 orcs
  4 hobgoblins
  5 jackals
  7 kobolds
  A quokka (D:2)
  5 bats
  5 giant cockroaches
  3 giant newts
  8 goblins
  7 rats
64 creatures vanquished.

Notes
Turn   | Place    | Note
--------------------------------------------------------------
     0 | D:1      | Glider the Gargoyle Earth Elementalist began the quest for the Orb.
     0 | D:1      | Reached XP level 1. HP: 10/10 MP: 3/3
   123 | D:1      | Reached skill level 4 in Earth Magic
   123 | D:1      | Reached XP level 2. HP: 6/15 MP: 0/5
   127 | D:1      | Learned a level 2 spell: Stoneskin
   329 | D:1      | Reached skill level 1 in Transmutations
   526 | D:1      | Reached XP level 3. HP: 15/19 MP: 0/6
   839 | D:2      | Reached skill level 5 in Earth Magic
   844 | D:2      | Learned a level 3 spell: Stone Arrow
  1514 | D:2      | Found a basalt altar of Yredelemnul.
  1514 | D:2      | Found an iron altar of Okawaru.
  1515 | D:2      | Found an opulent altar of Gozag.
  1516 | D:2      | Found a snail-covered altar of Cheibriados.
  1519 | D:2      | Found a burning altar of Makhleb.
  1699 | D:2      | Found a glowing golden altar of the Shining One.
  1712 | D:2      | Reached skill level 1 in Conjurations
  1766 | D:2      | Reached XP level 4. HP: 24/24 MP: 5/7
  2261 | D:3      | Noticed Aritmacz's ghost (amateur DrCj)
  2262 | D:3      | Upgraded the game from 0.17.1-2-g5865329 to 0.17.1-3-g152610e
  2661 | D:3      | Noticed an ogre
  2755 | D:2      | Reached XP level 5. HP: 24/28 MP: 9/9
  3078 | D:3      | Killed an ogre
  3078 | D:3      | Reached XP level 6. HP: 32/32 MP: 0/11
  3234 | D:3      | Killed from afar by Aritmacz's ghost

Action                   |  1- 3 |  4- 6 || total
-------------------------+-------+-------++-------
Melee: Unarmed           |     6 |       ||     6
       Spear             |       |    99 ||    99
Throw: Stone             |    16 |     5 ||    21
 Cast: Sandblast         |    60 |    15 ||    75
       Stone Arrow       |       |    11 ||    11
 Stab: Sleeping          |       |     6 ||     6
  Eat: Chunk             |     2 |     3 ||     5
       Bread ration      |       |     1 ||     1
